MAA
SALEM MISFITS @ NORTONVILLE CHEROKEES
07/12/2019
 
TOP OF THE 1ST
Salem Misfits batting - Pitching for Nortonville Cherokees : RHP Rudy Jenkins
Pitching: RHP Rudy Jenkins
Batting: RHB Domingo Navarro 0-0: Called Strike
0-1: Ball
1-1: Foul Ball, location: 2F
1-2: Ground out 5-3 (Groundball, 5)
Batting: SHB Alonso Márquez 0-0: Called Strike
0-1: Ball
1-1: SINGLE (Line Drive, 4M)
Batting: RHB Alfredo Martínez 0-0: Ball
1-0: Ball
2-0: Ball
Wild Pitch!
Alonso Márquez to second
3-0: Base on Balls
Batting: RHB Arlen King 0-0: Called Strike
0-1: Foul Ball, location: 2F
0-2: Foul Ball, location: 2F
0-2: Ball
Passed Ball!
Alonso Márquez to third
Alfredo Martínez to second
1-2: Fly out, F7 (Flyball, 7M)
Runner from 3rd tags up, SCORES, no throw
Batting: RHB Claudio Pérez 0-0: Called Strike
0-1: Called Strike
0-2: Ball
1-2: Ball
2-2: Foul Ball, location: 2F
2-2: Ball
3-2: Fly out, F6 (Popup, 6)
Top of the 1st over - 1 run(s), 1 hit(s), 0 error(s), 1 left on base; Salem 1 - Nortonville 0
BOTTOM OF THE 1ST
Nortonville Cherokees batting - Pitching for Salem Misfits : RHP Josh Gardner
Pitching: RHP Josh Gardner
Batting: RHB Javier Chávez 0-0: Ball
1-0: Ball
2-0: Called Strike
2-1: Ball
3-1: Hit by Pitch
Batting: RHB Paco Vásquez 0-0: Called Strike
0-1: Ball
1-1: Ball
2-1: Foul Ball, location: 2F
2-2: Foul Ball, location: 2F
2-2: Foul Ball, location: 2F
2-2: Foul Ball, location: 2F
2-2: Fly out, F7 (Flyball, 78S)
Batting: RHB Roy Childress 0-0: Called Strike
Javier Chávez steals 2nd base
0-1: Swinging Strike
0-2: Ball
1-2: Foul Ball, location: 2F
1-2: Ball
2-2: Strikes out swinging
Batting: LHB Sam Good 0-0: Ball
1-0: Ball
2-0: Called Strike
2-1: Fly out, F5 (Popup, 5F)
Bottom of the 1st over - 0 run(s), 0 hit(s), 0 error(s), 1 left on base; Salem 1 - Nortonville 0
TOP OF THE 2ND
Salem Misfits batting - Pitching for Nortonville Cherokees : RHP Rudy Jenkins
Batting: RHB Will Robinson 0-0: Ball
1-0: Called Strike
1-1: Foul Ball, location: 2F
1-2: SOLO HOME RUN (Flyball, 89XD), Distance : 400 ft
Batting: RHB Dan Finch 0-0: Ball
1-0: Ball
2-0: Ball
3-0: Base on Balls
Batting: SHB Emílio Gonzáles 0-0: Called Strike
0-1: Swinging Strike
0-2: Ball
1-2: Foul Ball, location: 2F
1-2: Strikes out swinging
Batting: SHB Arturo Romero 0-0: Called Strike
0-1: Foul Ball, location: 2F
0-2: Foul Ball, location: 2F
0-2: Strikes out looking
Batting: RHB Domingo Navarro 0-0: Ball
1-0: SINGLE (Groundball, 56D)
Dan Finch to second
Batting: SHB Alonso Márquez 0-0: Foul Ball, location: 2F
0-1: Hit by Pitch
Dan Finch to third
Domingo Navarro to second
Batting: RHB Alfredo Martínez 0-0: Fly out, F7 (Line Drive, 7M)
Top of the 2nd over - 1 run(s), 2 hit(s), 0 error(s), 3 left on base; Salem 2 - Nortonville 0
BOTTOM OF THE 2ND
Nortonville Cherokees batting - Pitching for Salem Misfits : RHP Josh Gardner
Batting: LHB Sergio Muñóz 0-0: Ball
1-0: Foul Ball, location: 2F
1-1: Foul Ball, location: 2F
1-2: Ball
2-2: Reached on error, E6 (Groundball, 6)
Batting: RHB Chris Oudekirk 0-0: Called Strike
Sergio Muñóz is caught stealing 2nd base
0-1: Ground out 5-3 (Groundball, 5S)
Batting: RHB Víctor López 0-0: Ball
1-0: Swinging Strike
1-1: Ball
2-1: Foul Ball, location: 2F
2-2: Strikes out looking
Bottom of the 2nd over - 0 run(s), 0 hit(s), 1 error(s), 0 left on base; Salem 2 - Nortonville 0
TOP OF THE 3RD
Salem Misfits batting - Pitching for Nortonville Cherokees : RHP Rudy Jenkins
Batting: RHB Arlen King 0-0: Ball
1-0: Called Strike
1-1: Ball
2-1: Swinging Strike
2-2: Ground out 6-3 (Groundball, 6)
Batting: RHB Claudio Pérez 0-0: Ball
1-0: Ball
2-0: Foul Ball, location: 2F
2-1: SINGLE (Flyball, 9LM)
Batting: RHB Will Robinson 0-0: Ball
1-0: Ball
2-0: Ball
3-0: Base on Balls
Claudio Pérez to second
Batting: RHB Dan Finch 0-0: Fly out, F8 (Flyball, 8LXD)
Runner from 2nd tags up, SAFE at 3rd, no throw
Batting: SHB Emílio Gonzáles 0-0: Fly out, F4 (Line Drive, 4)
Top of the 3rd over - 0 run(s), 1 hit(s), 0 error(s), 2 left on base; Salem 2 - Nortonville 0
BOTTOM OF THE 3RD
Nortonville Cherokees batting - Pitching for Salem Misfits : RHP Josh Gardner
Batting: RHB Armando Alvarado 0-0: Ball
1-0: Ball
2-0: Ball
3-0: Base on Balls
Batting: LHB Sean Booth 0-0: Ball
1-0: Swinging Strike
1-1: Ball
2-1: Ball
3-1: Foul Ball, location: 2F
3-2: Foul Ball, location: 2F
3-2: Strikes out swinging
Batting: RHB Javier Chávez 0-0: Fly out, F4 (Popup, 4D)
Batting: RHB Paco Vásquez 0-0: Fly out, F6 (Line Drive, 6)
Bottom of the 3rd over - 0 run(s), 0 hit(s), 0 error(s), 1 left on base; Salem 2 - Nortonville 0
TOP OF THE 4TH
Salem Misfits batting - Pitching for Nortonville Cherokees : RHP Rudy Jenkins
Batting: SHB Arturo Romero 0-0: Foul Ball, location: 2F
0-1: Swinging Strike
0-2: Foul Ball, location: 2F
0-2: Ball
1-2: Foul Ball, location: 2F
1-2: Strikes out looking
Batting: RHB Domingo Navarro 0-0: Called Strike
0-1: DOUBLE (Flyball, 89XD)
Batting: SHB Alonso Márquez 0-0: Ball
1-0: DOUBLE (Groundball, 3L)
Domingo Navarro scores
Batting: RHB Alfredo Martínez 0-0: Called Strike
0-1: Swinging Strike
0-2: Foul Ball, location: 2F
0-2: Ball
1-2: Foul Ball, location: 2F
1-2: Foul Ball, location: 2F
1-2: Foul Ball, location: 2F
1-2: Ball
2-2: Ball
3-2: Strikes out swinging
Batting: RHB Arlen King 0-0: Called Strike
0-1: Ball
1-1: Ball
2-1: Called Strike
2-2: Foul Ball, location: 2F
2-2: Foul Ball, location: 2F
Single, Error in OF, E7, batter to second base
Alonso Márquez scores
Batting: RHB Claudio Pérez 0-0: Ball
1-0: Foul Ball, location: 2F
1-1: Swinging Strike
1-2: Strikes out swinging
Top of the 4th over - 2 run(s), 3 hit(s), 1 error(s), 1 left on base; Salem 4 - Nortonville 0
BOTTOM OF THE 4TH
Nortonville Cherokees batting - Pitching for Salem Misfits : RHP Josh Gardner
Batting: RHB Roy Childress 0-0: Called Strike
0-1: Swinging Strike
0-2: Foul Ball, location: 2F
0-2: Foul Ball, location: 2F
0-2: Foul Ball, location: 2F
0-2: Foul Ball, location: 2F
0-2: Ball
1-2: Ground out 3-1 (Groundball, 34)
Batting: LHB Sam Good 0-0: Called Strike
0-1: Called Strike
0-2: Strikes out swinging
Batting: LHB Sergio Muñóz 0-0: Ball
1-0: Foul Ball, location: 2F
1-1: Ball
2-1: Ground out 6-3 (Groundball, 6)
Bottom of the 4th over - 0 run(s), 0 hit(s), 0 error(s), 0 left on base; Salem 4 - Nortonville 0
TOP OF THE 5TH
Salem Misfits batting - Pitching for Nortonville Cherokees : RHP Rudy Jenkins
Batting: RHB Will Robinson 0-0: Called Strike
0-1: Called Strike
0-2: Strikes out swinging
Batting: RHB Dan Finch 0-0: Swinging Strike
0-1: Ball
1-1: Called Strike
1-2: Strikes out swinging
Batting: SHB Emílio Gonzáles 0-0: Ball
1-0: SINGLE (Groundball, 6MD)
Batting: SHB Arturo Romero 0-0: Ball
1-0: Ball
2-0: Ball
3-0: Base on Balls
Emílio Gonzáles to second
Batting: RHB Domingo Navarro 0-0: Ball
1-0: Ball
2-0: Swinging Strike
2-1: Foul Ball, location: 2F
2-2: Ball
3-2: Foul Ball, location: 2F
3-2: Base on Balls
Emílio Gonzáles to third
Arturo Romero to second
Pitching: LHP Melvin Henry
Batting: SHB Alonso Márquez 0-0: Fly out, F3 (Popup, 3L)
Top of the 5th over - 0 run(s), 1 hit(s), 0 error(s), 3 left on base; Salem 4 - Nortonville 0
BOTTOM OF THE 5TH
Nortonville Cherokees batting - Pitching for Salem Misfits : RHP Josh Gardner
Batting: RHB Chris Oudekirk 0-0: Called Strike
0-1: Foul Ball, location: 2F
0-2: Fly out, F8 (Flyball, 8RS)
Batting: RHB Víctor López 0-0: Called Strike
0-1: Swinging Strike
0-2: Ball
1-2: Strikes out swinging
Batting: RHB Armando Alvarado 0-0: Called Strike
0-1: Called Strike
0-2: Strikes out swinging
Bottom of the 5th over - 0 run(s), 0 hit(s), 0 error(s), 0 left on base; Salem 4 - Nortonville 0
TOP OF THE 6TH
Salem Misfits batting - Pitching for Nortonville Cherokees : LHP Melvin Henry
Batting: RHB Alfredo Martínez 0-0: Ball
1-0: Ball
2-0: Ball
3-0: Base on Balls
Batting: RHB Arlen King 0-0: Ball
1-0: Fly out, F9 (Flyball, 89M)
Batting: RHB Claudio Pérez 0-0: SINGLE (Line Drive, 7S)
Alfredo Martínez to second
Batting: RHB Will Robinson 0-0: Ball
1-0: Swinging Strike
1-1: Foul Ball, location: 2F
1-2: Fly out, F1 (Popup, 13S)
Batting: RHB Dan Finch 0-0: Fly out, F9 (Popup, 9S)
Top of the 6th over - 0 run(s), 1 hit(s), 0 error(s), 2 left on base; Salem 4 - Nortonville 0
BOTTOM OF THE 6TH
Nortonville Cherokees batting - Pitching for Salem Misfits : RHP Josh Gardner
Batting: LHB Sean Booth 0-0: Ball
1-0: Called Strike
1-1: Fly out, F7 (Flyball, 78M)
Batting: RHB Javier Chávez 0-0: Ball
1-0: Bunt missed!
1-1: Ball
2-1: Foul Ball, location: 2F
2-2: Fly out, F7 (Line Drive, 7M)
Batting: RHB Paco Vásquez 0-0: Called Strike
0-1: Ground out 6-3 (Groundball, 6)
Bottom of the 6th over - 0 run(s), 0 hit(s), 0 error(s), 0 left on base; Salem 4 - Nortonville 0
TOP OF THE 7TH
Salem Misfits batting - Pitching for Nortonville Cherokees : LHP Melvin Henry
Batting: SHB Emílio Gonzáles Error on foul ball, E9
0-1: Ball
1-1: Called Strike
1-2: Ball
2-2: Strikes out swinging
Batting: SHB Arturo Romero 0-0: Called Strike
0-1: Called Strike
0-2: Foul Ball, location: 2F
0-2: Strikes out swinging
Batting: RHB Domingo Navarro 0-0: Ball
1-0: Ball
2-0: Ball
3-0: Called Strike
3-1: SINGLE (Line Drive, 8LS)
Batting: SHB Alonso Márquez 0-0: Ball
1-0: Called Strike
1-1: Swinging Strike
1-2: SINGLE (Line Drive, 7S)
Domingo Navarro to second
Batting: RHB Alfredo Martínez 0-0: Ball
1-0: Called Strike
1-1: Ball
2-1: Foul Ball, location: 2F
2-2: Ball
3-2: Foul Ball, location: 2F
3-2: Base on Balls
Domingo Navarro to third
Alonso Márquez to second
Batting: RHB Arlen King 0-0: Ball
1-0: Foul Ball, location: 2F
1-1: Ground out 5-3 (Groundball, 5L)
Top of the 7th over - 0 run(s), 2 hit(s), 1 error(s), 3 left on base; Salem 4 - Nortonville 0
BOTTOM OF THE 7TH
Nortonville Cherokees batting - Pitching for Salem Misfits : RHP Josh Gardner
Batting: RHB Roy Childress 0-0: Ball
1-0: Swinging Strike
1-1: Ball
2-1: Fly out, F9 (Popup, 34D)
Batting: LHB Sam Good 0-0: Ball
1-0: Ball
2-0: Called Strike
2-1: Fly out, F8 (Flyball, 8LS)
Batting: LHB Sergio Muñóz 0-0: Called Strike
0-1: Ball
1-1: Ball
2-1: Foul Ball, location: 2F
2-2: Strikes out swinging
Bottom of the 7th over - 0 run(s), 0 hit(s), 0 error(s), 0 left on base; Salem 4 - Nortonville 0
TOP OF THE 8TH
Salem Misfits batting - Pitching for Nortonville Cherokees : LHP Melvin Henry
Pitching: RHP Carlos Valentín
Batting: RHB Claudio Pérez 0-0: Foul Ball, location: 2F
0-1: Called Strike
0-2: Strikes out looking
Batting: RHB Will Robinson 0-0: Ball
1-0: Called Strike
1-1: Foul Ball, location: 2F
1-2: SINGLE (Line Drive, 9M)
Batting: RHB Dan Finch 0-0: Fly out, F2 (Popup, 2LF)
Batting: SHB Emílio Gonzáles 0-0: Ball
1-0: Called Strike
1-1: Foul Ball, location: 2F
1-2: Foul Ball, location: 2F
Balk!
Will Robinson to second
1-2: SINGLE (Line Drive, 7S)
Will Robinson to third
Runner from 3rd tries for Home, SAFE, no throw or cutoff
Batting: SHB Arturo Romero 0-0: Ball
1-0: Called Strike
1-1: Ball
2-1: Swinging Strike
2-2: Ball
3-2: Base on Balls
Emílio Gonzáles to second
Batting: RHB Domingo Navarro 0-0: Called Strike
0-1: Ball
1-1: Ball
2-1: Ball
3-1: Called Strike
3-2: Foul Ball, location: 2F
3-2: 3-RUN HOME RUN (Flyball, 78XD), Distance : 422 ft
Batting: SHB Alonso Márquez 0-0: Foul Ball, location: 2F
0-1: Ball
1-1: Ball
2-1: Ball
3-1: Swinging Strike
3-2: Strikes out looking
Top of the 8th over - 4 run(s), 3 hit(s), 0 error(s), 0 left on base; Salem 8 - Nortonville 0
BOTTOM OF THE 8TH
Nortonville Cherokees batting - Pitching for Salem Misfits : RHP Josh Gardner
Now at C: John Townsend
Batting: RHB Chris Oudekirk 0-0: Swinging Strike
0-1: Swinging Strike
0-2: Ball
1-2: Foul Ball, location: 2F
1-2: Strikes out looking
Batting: RHB Víctor López 0-0: Ball
1-0: Ground out 6-3 (Groundball, 6)
Batting: RHB Armando Alvarado 0-0: Called Strike
0-1: Ball
1-1: Swinging Strike
1-2: Fly out, F7 (Line Drive, 7M)
Bottom of the 8th over - 0 run(s), 0 hit(s), 0 error(s), 0 left on base; Salem 8 - Nortonville 0
TOP OF THE 9TH
Salem Misfits batting - Pitching for Nortonville Cherokees : RHP Carlos Valentín
Pitching: RHP Tobías Pérez
Batting: RHB John Townsend 0-0: Foul Ball, location: 2F
0-1: Ball
1-1: Called Strike
1-2: SINGLE (Line Drive, 4MD)
Batting: RHB Arlen King 0-0: Called Strike
0-1: Ball
1-1: Foul Ball, location: 2F
1-2: Ball
2-2: Foul Ball, location: 2F
2-2: Foul Ball, location: 2F
2-2: 2-RUN HOME RUN (Flyball, 7LD), Distance : 377 ft
Batting: RHB Claudio Pérez 0-0: Called Strike
0-1: Ball
1-1: Swinging Strike
1-2: Foul Ball, location: 2F
1-2: Foul Ball, location: 2F
1-2: Ball
2-2: Foul Ball, location: 2F
2-2: SINGLE (Line Drive, 4D)
Batting: RHB Will Robinson 0-0: Called Strike
0-1: Ball
1-1: Foul Ball, location: 2F
1-2: Ball
2-2: Ball
3-2: Fly out, F3 (Popup, 34S)
Batting: RHB Dan Finch Pickoff Throw to First - Error! E1
Claudio Pérez to second
0-0: Called Strike
0-1: Ball
1-1: Called Strike
1-2: Ball
2-2: Ball
3-2: Base on Balls
Batting: SHB Emílio Gonzáles 0-0: Ball
1-0: Foul Ball, location: 2F
1-1: Ball
2-1: Foul Ball, location: 2F
2-2: SINGLE (Line Drive, 5)
Claudio Pérez to third
Dan Finch to second
Batting: SHB Arturo Romero 0-0: Fielders Choice at 2nd, 3-6 (Groundball, 3)
Claudio Pérez scores
Dan Finch to third
Pitching: RHP Deron Kuhn
Batting: RHB Domingo Navarro 0-0: Ball
1-0: Ball
2-0: Called Strike
2-1: Foul Ball, location: 2F
2-2: Foul Ball, location: 2F
2-2: Ball
3-2: Base on Balls
Arturo Romero to second
Batting: SHB Alonso Márquez 0-0: Fielders Choice at 2nd, U4 (Groundball, 4M)
Top of the 9th over - 3 run(s), 4 hit(s), 1 error(s), 3 left on base; Salem 11 - Nortonville 0
BOTTOM OF THE 9TH
Nortonville Cherokees batting - Pitching for Salem Misfits : RHP Josh Gardner
Batting: LHB Sean Booth 0-0: Ball
1-0: Foul Ball, location: 2F
1-1: Ball
2-1: SINGLE (Groundball, 34S)
Pitching: LHP Joseph Hamilton
Batting: RHB Javier Chávez 0-0: Ball
1-0: Ball
2-0: Ball
3-0: Base on Balls
Sean Booth to second
Batting: RHB Paco Vásquez 0-0: Swinging Strike
0-1: Ball
1-1: Fly out, F2 (Popup, 25F)
Batting: RHB Roy Childress 0-0: Ball
1-0: Swinging Strike
1-1: Ball
2-1: Ball
3-1: SINGLE (Groundball, 5L)
Sean Booth to third
Javier Chávez to second
Batting: LHB Sam Good 0-0: Swinging Strike
0-1: Swinging Strike
0-2: Ball
1-2: Ball
2-2: Ball
3-2: Grounds into double play, 4-6-3 (Groundball, 4)
Bottom of the 9th over - 0 run(s), 2 hit(s), 0 error(s), 2 left on base; Salem 11 - Nortonville 0
This league is powered by Out of the Park Baseball, the baseball management simulation game for PC, Mac and Linux
Saturday, July 25th, 2015 - OOTP Baseball 15.6 Build 34